 Dungeon Crawl Stone Soup version 0.29-a0-356-g7bc237e783 (webtiles) character file.

Game seed: 3698926971217477370

53 spaghetti the Skirmisher (level 3, 38/41 HPs)
             Began as an Ogre Berserker on Apr 25, 2022.
             Was a Believer of Trog.
             Quit the game on level 2 of the Dungeon.
             The game lasted 00:03:05 (1754 turns).

spaghetti the Skirmisher (Ogre Berserker)           Turns: 1754, Time: 00:03:06

Health: 38/41      AC:  3    Str: 21    XL:     3   Next: 89%
Magic:  2/3        EV: 10    Int: 10    God:    Trog [**....]
Gold:   60         SH:  0    Dex:  8    Spells: 2/2 levels left

rFire   . . .      SeeInvis .     - Unarmed
rCold   . . .      Faith    .   (no shield)
rNeg    . . .      Spirit   +   a - +0 animal skin
rPois   .          Reflect  .   (helmet restricted)
rElec   .          Harm     .   (no cloak)
rCorr   .          Rampage  .   (gloves unavailable)
Will    .....                   (boots unavailable)
Stlth   +.........              n - amulet of guardian spirit
HPRegen 0.13/turn               (no ring)
MPRegen 0.08/turn               (no ring)

@: no status effects
A: large, unfitting armour, tough skin 1
a: Renounce Religion, Berserk, Trog's Hand


You were on level 2 of the Dungeon.
You worshipped Trog.
Trog was pleased with you.
You visited 1 branch of the dungeon, and saw 2 of its levels.

You collected 90 gold pieces.
You spent 30 gold pieces at shops.


Innate Abilities, Weirdness & Mutations

You are too large for most types of armour.
You have tough skin. (AC +1)


   Skills:
 + Level 4.8 Fighting
 + Level 3.2 Dodging
 + Level 3.3 Unarmed Combat


You had 2 spell levels left.
You didn't know any spells.
Your spell library was empty.

Inventory:

Hand Weapons
 b - a +0 mace {mace}
   (You found it on level 1 of the Dungeon)
 c - a +0 short sword {short}
   (You found it on level 1 of the Dungeon)
 d - a +0 club {mace}
   (You took it off a kobold on level 1 of the Dungeon)
 g - a +0 short sword {short}
   (You took it off a kobold on level 1 of the Dungeon)
Missiles
 e - 55 stones (quivered) {throwing}
 h - 2 atropa-tipped darts {throwing}
 l - 4 large rocks {=fthrowing}
Armour
 a - a +0 animal skin (worn)
Jewellery
 n - an amulet of guardian spirit (around neck)
   (You found it on level 2 of the Dungeon)
Scrolls
 f - a scroll of fog {unknown}
 i - a scroll of summoning {unknown}
 j - 2 scrolls of identify {unknown}
 k - a scroll of enchant weapon {unknown}
 m - 2 scrolls of teleportation {unknown}
Potions
 o - 2 potions of heal wounds {unknown}
 p - a potion of mutation {unknown}

Dungeon Overview and Level Annotations

Branches:
Dungeon (2/15)

Altars:
Nemelex Xobeh

Shops:
D:1

(( ###### .....# ####.# #.#
#.############################ #
#.............................
#################################
>...............@†(((((. .......
##############################...
# .....#... # ####.#.#.#.
.......#.<. #. ####....#... #.#
............ ####.#
#########†##..
.....#####.............


There were no monsters in sight!


Message History

You closely miss the ball python. The ball python completely misses you.
You hit the ball python. The ball python bites you. 😕 HP[-2]
You take 2 damage, and now have 38/40 hp.
You are too injured to fight recklessly!
You are too injured to fight recklessly!
You are too injured to fight recklessly!
You are too injured to fight recklessly!
You are too injured to fight recklessly!
You are too injured to fight recklessly!
You are too injured to fight recklessly!
You are too injured to fight recklessly!
You are too injured to fight recklessly!
You are too injured to fight recklessly!
You are too injured to fight recklessly!
You are too injured to fight recklessly!
You are too injured to fight recklessly!
You are too injured to fight recklessly!
You are too injured to fight recklessly!
You closely miss the ball python. The ball python bites you. 😕 HP[-1]
You take 1 damage, and now have 37/40 hp.
You hit the ball python.
You kill the ball python!
Trog accepts your kill. 😕 HP[+1]
You now have 41 max hp (+1).
You closely miss the frilled lizard.
The frilled lizard bites you but does no damage.
You miss the frilled lizard. You closely miss the frilled lizard.
The frilled lizard closely misses you.
You completely miss the frilled lizard. The frilled lizard misses you.
You hit the frilled lizard.
You kill the frilled lizard!
Trog accepts your kill.
You closely miss the rat. Your punch misses the rat.
The rat bites you but does no damage.
You hit the rat.
You kill the rat!
Trog accepts your kill. 😕 HP[+1]
Found a stone staircase leading down.
There is an open door, spattered with blood here.
You see here a rat corpse. 😎 HP[+2]
Your hp is fully restored (41).
e - 61 stones {throwing} (gained 1)
e - 62 stones {throwing} (gained 1)
You now have 60 gold pieces (gained 19).
There is a stone staircase leading down here.
Key pressed, stopping explore.
A worm comes into view.
A worm is nearby!
You throw a stone {throwing}.
The stone {throwing} hits the worm but does no damage.
You throw a stone {throwing}.
The stone {throwing} hits the worm but does no damage.
You throw a stone {throwing}.
The stone {throwing} hits the worm but does no damage.
You throw a stone {throwing}. The stone {throwing} hits the worm.
You throw a stone {throwing}. The stone {throwing} hits the worm.
You throw a stone {throwing}. The stone {throwing} hits the worm.
You throw a stone {throwing}.
The stone {throwing} hits the worm but does no damage.
You barely miss the worm. You hit the worm. The worm bites you. 😕 HP[-4] MP[-1]
You take 4 damage, and now have 37/41 hp.
You lost 1 mp, and now have 2/3 mp.
You are too injured to fight recklessly!
You are too injured to fight recklessly!
You are too injured to fight recklessly!
You are too injured to fight recklessly!
You are too injured to fight recklessly!
You are too injured to fight recklessly!
You are too injured to fight recklessly!
You are too injured to fight recklessly!
You are too injured to fight recklessly!
You are too injured to fight recklessly!
You are too injured to fight recklessly!
You are too injured to fight recklessly!
You are too injured to fight recklessly!
You hit the worm. 😕 HP[+1]
You hit the worm. The worm bites you but does no damage.
You hit the worm. You barely miss the worm. The worm misses you.
You hit the worm.
You kill the worm!
Trog accepts your kill. 🤖 Initializing magus.rc ...
Options error: Delay interrupt name "hungry" not recognised. (~/.crawlrc:4761) Options error: Bad monster_list_colour key: strict_neutral (~/.crawlrc:4776) ✅ Successfully initialized magus.rc [v1.9.6] Welcome back, spaghetti the Ogre Berserker.
Trog says: Kill them all!
Press ? for a list of commands and other information.
Are you sure you want to abandon this character and quit the game? (Confirm with "yes".)
Okay, then.
Are you sure you want to abandon this character and quit the game? (Confirm with "yes".)

Skill      XL: |  1  2 |
---------------+-------+-----
Unarmed Combat | 3 |  3.3
Dodging        | 3 |  3.2
Fighting       | |  4.8

Action                   || total
-------------------------++-------
Melee: Unarmed           ||   171
       Punch             ||     3
Throw: Stone             ||    42
Invok: Berserk           ||     2
Armor: Animal skin       ||    59
Dodge: Dodged            ||    91

Levels and vault maps discovered:
D:1:      lemuel_arrival_room, layout_basic, serial_shops,
          nicolae_shop_bloodbath_and_beyond, shop, minmay_worlds_worst_comb
D:2:      layout_basic, basic_altar, minmay_misc_feat_square

Notes
Turn   | Place    | Note
-------+----------+-------------------------------------------
     0 | D:1      | spaghetti the Ogre Berserker began the quest for the Orb.
     0 | D:1      | Reached XP level 1. HP: 24/24 MP: 1/1
     0 | D:1      | magus.rc [v1.9.6]
    48 | D:1      | HP: 5/24 [quokka (2)]
   303 | D:1      | Reached XP level 2. HP: 32/32 MP: 2/2
   382 | D:1      | Reached skill level 3 in Unarmed Combat
   391 | D:1      | Reached skill level 3 in Dodging
   712 | D:1      | Reached XP level 3. HP: 38/40 MP: 3/3
  1239 | D:1      | Found Buwodufe's Weapon Shop.
  1246 | D:1      | Found Momonn's Weapon Shop.
  1247 | D:1      | Bought 4 large rocks for 30 gold pieces
  1483 | D:2      | Reached ** piety under Trog
  1574 | D:2      | Found a sparkling altar of Nemelex Xobeh.
  1754 | D:2      | magus.rc [v1.9.6]
  1754 | D:2      | Quit the game

Vanquished Creatures
  A worm (D:2)
  A dart slug (D:1)
  3 orcs (D:2)
  4 ball pythons
  2 endoplasms (D:1)
  5 giant cockroaches (D:1)
  2 goblins (D:1)
  2 hobgoblins (D:1)
  2 quokkas (D:1)
  7 bats
  4 frilled lizards
  5 kobolds (D:1)
  6 rats
44 creatures vanquished.

Table legend:
 A = Non-vault XP
 B = Vault XP
 C = Vault XP percentage of total XP
 D = Non-vault monster count
 E = Vault monster count
 F = Vault count percentage of total count
                 A         B        C        D         E       F
            +---------+---------+-------+---------+---------+-------
      Total |      67 |      10 |  13.0 |      39 |       5 |  11.4
            +---------+---------+-------+---------+---------+-------
        D:1 |      42 |      10 |  19.2 |      26 |       5 |  16.1
        D:2 |      25 |       0 |   0.0 |      13 |       0 |   0.0
            +---------+---------+-------+---------+---------+-------

Illustrated notes

Table legend:
 A = Kills in this place as a percentage of kills in entire the game.
 B = Kills by you in this place as a percentage of kills by you in the entire game.
 C = Kills by friends in this place as a percentage of kills by friends in the entire game.
 D = Other kills in this place as a percentage of other kills in the entire game.
 E = Experience gained in this place as a percentage of experience gained in the entire game.
 F = Experience gained in this place divided by the number of levels of this place that you have seen.
                   A       B       C       D       E      F
               +-------+-------+-------+-------+-------+----------------------
         Total | 100.0 | 100.0 |   N/A |   N/A | 100.0 |  38.5
       Dungeon | 100.0 | 100.0 |   N/A |   N/A | 100.0 |  38.5
               +-------+-------+-------+-------+-------+----------------------

Table legend: (Time is in decaauts)
 A = Elapsed time spent in this place.
 B = Non-inter-level travel time spent in this place.
 C = Inter-level travel time spent in this place.
 D = Time resting spent in this place.
 E = Time spent auto-exploring this place.
 F = Levels seen in this place.
 G = Mean time per level.
                   A        B        C        D        E       F      G
               +--------+--------+--------+--------+--------+-----+--------+
         Total |   1760 |   1730 |     30 |    464 |    959 |   2 |  880.0 |
       Dungeon |   1760 |   1730 |     30 |    464 |    959 |   2 |  880.0 |
               +--------+--------+--------+--------+--------+-----+--------+

Top non-repeatable levels by time:
     D:1: 1439 daAuts
     D:2: 320 daAuts
